 Dungeon Sprint DCSS version 0.31.0-9-g3a7656b989 (webtiles) character file.

Game seed: 10900196709463735927

19900000 Ashen the Intangible (level 27, -10/228 HPs)
             Began as a Djinni Warper on Jan 24, 2024.
             Was the Champion of Makhleb.
             Mangled by a meat berserker
             ... wielding a +9 battleaxe
              (45 damage)
             ... in the Dungeon (Sprint VIII: "Arena of Blood").
             The game lasted 00:11:39 (199 turns).

Ashen the Intangible (Djinni Warper)                 Turns: 199, Time: 00:11:39

Health: -10/228    AC:  6    Str: 10    XL:     27
Gold:   0          EV: 35    Int: 18    God:    Makhleb [******] SH:  0 Dex: 24

rFire   + + .        i - +∞ Axe of Woe
rCold   x . .        (shield currently unavailable)
rNeg    . . .        b - +0 leather armour
rPois   ∞            (no helmet)
rElec   .            (no cloak)
rCorr   .            (no gloves)
SInv    +            (boots unavailable)
Will    ++...        (no amulet)
Stlth   ++++         j - ring of see invisible
HPRegen 0.58/turn    (no ring)
MPRegen 0.00/turn

%: no teleportation, infuse magic (-11 HP)
@: flying, slowed, very slow
A: sickness immunity, fire resistance 2, cold vulnerability 1, float, innate
caster, HP casting, extra vitality 1
0: Orb of Zot
a: Renounce Religion, Minor Destruction, Lesser Servant of Makhleb, Major
Destruction, Greater Servant of Makhleb


You were in the Dungeon.
You worshipped Makhleb.
Makhleb was exalted by your worship.
You visited 1 branch

Inventory:

Hand Weapons
 a - a +0 hand axe
 g - a +9 great mace
 i - the +∞ Axe of Woe (weapon)
   (You found it in the Dungeon)
 k - a +9 war axe
Missiles
 d - 7 darts of dispersal (quivered)
Armour
 b - a +0 leather armour (worn)
Jewellery
 j - a ring of see invisible (left hand)
 l - a +30 ring of slaying
 m - a +400 ring of slaying
Scrolls
 c - 2 scrolls of blinking
Potions
 e - a potion of curing
 f - a potion of heal wounds
 h - a potion of berserk rage


   Skills:
 O Level 27 Fighting
 O Level 27 Short Blades
 O Level 27 Long Blades
 O Level 27 Axes
 O Level 27 Maces & Flails
 O Level 27 Polearms
 O Level 27 Staves
 O Level 27 Ranged Weapons
 O Level 27 Throwing
 O Level 27 Armour
 O Level 27 Dodging
 O Level 27 Stealth
 O Level 27 Shields
 O Level 27 Unarmed Combat
 O Level 27 Spellcasting
 O Level 27 Conjurations
 O Level 27 Hexes
 O Level 27 Summonings
 O Level 27 Necromancy
 O Level 27 Translocations
 O Level 27 Fire Magic
 O Level 27 Ice Magic
 O Level 27 Air Magic
 O Level 27 Earth Magic
 O Level 27 Alchemy
 O Level 27 Invocations
 O Level 27 Evocations
 O Level 27 Shapeshifting


You knew the following spells:

 Your Spells              Type           Power      Damage    Failure   Level
a - Blink                 Tloc           100%       N/A       0%          2
b - Lesser Beckoning      Tloc           100%       N/A       0%          2
c - Teleport Other        Tloc           88%        N/A       0%          3
d - Manifold Assault      Tloc           88%        N/A       0%          4
e - Vhi's Electric Charg  Tloc/Air       100%       N/A       0%          4
f - Shock                 Conj/Air       100%       1d9       0%          1
g - Ensorcelled Hibernat  Hex/Ice        100%       N/A       0%          2
h - Gell's Gravitas       Tloc           88%        N/A       0%          3
i - Vampiric Draining     Necr           88%        2d12      0%          3
j - Lee's Rapid Deconstr  Erth           44%        3d21*     0%          5
k - Borgnjor's Vile Clut  Necr/Erth      44%        N/A       0%          5
l - Death Channel         Necr           44%        N/A       0%          6
m - Spellforged Servitor  Conj/Summ      44%        N/A       1%          7
n - Summon Cactus Giant   Summ           44%        N/A       0%          6
o - Infestation           Necr           44%        N/A       1%          8
p - Summon Horrible Thin  Summ           44%        N/A       1%          8
q - Death's Door          Necr           44%        N/A       2%          9
r - Fire Storm            Conj/Fire      44%        8d11      2%          9
Your spell library was empty.

Dungeon Overview and Level Annotations

Branches:
Dungeon (1/1)

Altars:
Makhleb


Innate Abilities, Weirdness & Mutations

You are immune to sickness and miasma.
You are immune to poison.
Your flesh is very heat resistant. (rF++)
You are vulnerable to cold. (rC-)
You float through the air rather than walking.
You learn spells naturally, not from books.
Your magical power is your life essence.
You have superior vitality. (+4 MHP)


Message History

You dissect the meat beast like a pig carcass.
You kill the meat beast!
Makhleb accepts your kill.
You feel better.
You slash the meat berserker!
You chop the meat berserker into pieces.
You kill the meat berserker!
Makhleb accepts your kill.
You feel better.
You hit the dread but do no damage.
You slaughter the dread joyfully.
You destroy the dread!
Makhleb accepts your kill.
You feel better.
You slash the meat berserker!
You dissect the meat berserker like a pig carcass.
You kill the meat berserker!
Makhleb accepts your kill.
You feel better. The observer gazes at you. Something smites you!
The fleshlord gestures at you while chanting.
You feel as though you will be slow longer.
A wretched soul comes into view.
A meat beast comes into view.
The eight-headed meat hydra calls on the powers of darkness!
The eight-headed meat hydra convulses!
The bag of meat convulses!
The fleshlord convulses!
The observer convulses!
The fleshlord convulses!
The meat berserker convulses!
Your body is wracked with pain!
* * * LOW HITPOINT WARNING * * *
The meat berserker convulses!
The fleshlord convulses!
The bag of meat convulses! x3; The eight-headed meat hydra convulses!
The fleshlord convulses!
The scourge convulses!
A wretched soul comes into view.
The dread calls on the powers of darkness!
The bag of meat convulses!
The scourge convulses!
The fleshlord convulses! x2
The eight-headed meat hydra convulses!
The bag of meat convulses! x2
The meat berserker convulses!
Your body is wracked with pain!
* * * LOW HITPOINT WARNING * * *
The meat berserker convulses!
The fleshlord convulses!
The bag of meat convulses!
The eight-headed meat hydra convulses!
The observer convulses!
The meat berserker hits you with a +9 battleaxe!!!
You die...

####))))).....##.##)#####.
####.).)))...D.....))..)....o
#.).).)†))####)....##.##)....
.........))#.)....†)†..)).)..))
...W.....W).#)))..)))))#)#....O
.........†.o#..))))))..))))).).
....).)###..2#....W.)).)O))....
..)..###.†...V#Go.D))).........
..))#....))).M@OpW))p..§.......
.. ...#.)).oO)..))).....)....
..W)#W..oo...#))p.)..#....
......W#.D...#§o.....#....
....#WS.LpW###)).....###..
S...o.W........)###...... .p.
..#..)....._.......
....#..W§)2.#.....#....
......)#_.<)_# . .


You could see an accursed, a meat beast (wandering, fast), a tyrant (fast), 2
eight-headed meat hydras, a destroyer, an observer (fast, invisible), a scourge,
5 fleshlords, a shadow demon, 5 dreads, 2 meat berserkers, 5 wretched souls and
6 bags of meat.

Vanquished Creatures
  Dispater (D)
  23 hell knights (D)
  Sigmund (D)
  14 hell beasts (D)
  Edmund (D)
  5 royal mummies (D)
  14 wraiths (D)
  17 great orbs of eyes (D)
  Harold (D)
  23 vampire knights (D)
  50 ogres (D)
  5 two-headed ogres (D)
  16 liches (D)
  15 hydras (D)
  14 phantoms (D)
  116 orcs (D)
  11 skeletal warriors (D)
  15 sea snakes (D)
342 creatures vanquished.

Notes
Turn   | Place    | Note
-------+----------+-------------------------------------------
     0 | D        | Found the +∞ Axe of Woe
     0 | D        | Ashen the Djinni Warper began the quest for the Orb.
     0 | D        | Ashen set off with the following spells memorised: Blink,
                  | Lesser Beckoning, Teleport Other, Manifold Assault, Vhi's
                  | Electric Charge.
     0 | D        | Reached XP level 1. HP: 18/18 MP: 0/0
     1 | D        | Noticed a bag of meat
     3 | D        | Became a worshipper of Makhleb the Destroyer
     4 | D        | Noticed a bag of meat
     5 | D        | Noticed a bag of meat
     5 | D        | Noticed a bag of meat
     5 | D        | Noticed a bag of meat
     5 | D        | Noticed a meat berserker
     5 | D        | Noticed a bag of meat
     6 | D        | Noticed a bag of meat
     6 | D        | Noticed a meat berserker
     6 | D        | Noticed a bag of meat
     7 | D        | Noticed a bag of meat
     7 | D        | Noticed a bag of meat
     7 | D        | Noticed a bag of meat
     8 | D        | Noticed a meat berserker
     8 | D        | Noticed a bag of meat
     8 | D        | Noticed a bag of meat
     9 | D        | Killed a bag of meat
     9 | D        | Killed a bag of meat
     9 | D        | Reached * piety under Makhleb
     9 | D        | Noticed a bag of meat
    10 | D        | Reached skill level 15 in Fighting
    10 | D        | Reached skill level 15 in Axes
    10 | D        | Reached skill level 5 in Armour
    10 | D        | Reached XP level 2. HP: 43/43 MP: 0/0
    10 | D        | Reached XP level 3. HP: 49/49 MP: 0/0
    10 | D        | Learned a level 1 spell: Shock
    10 | D        | Reached XP level 4. HP: 55/55 MP: 0/0
    10 | D        | Reached XP level 5. HP: 60/60 MP: 0/0
    10 | D        | Learned a level 2 spell: Ensorcelled Hibernation
    10 | D        | Reached XP level 6. HP: 67/67 MP: 0/0
    10 | D        | Reached XP level 7. HP: 72/72 MP: 0/0
    10 | D        | Learned a level 3 spell: Gell's Gravitas
    10 | D        | Reached XP level 8. HP: 78/78 MP: 0/0
    10 | D        | Reached XP level 9. HP: 84/84 MP: 0/0
    10 | D        | Learned a level 3 spell: Vampiric Draining
    10 | D        | Reached XP level 10. HP: 91/91 MP: 0/0
    10 | D        | Reached XP level 11. HP: 96/96 MP: 0/0
    10 | D        | Learned a level 5 spell: Lee's Rapid Deconstruction
    10 | D        | Reached XP level 12. HP: 103/103 MP: 0/0
    10 | D        | Noticed a bag of meat
    10 | D        | Noticed a meat berserker
    10 | D        | Killed a bag of meat
    10 | D        | Killed a bag of meat
    10 | D        | Killed a meat berserker
    10 | D        | Reached ** piety under Makhleb
    10 | D        | Noticed a bag of meat
    10 | D        | Noticed a bag of meat
    10 | D        | Noticed a meat berserker
    10 | D        | Noticed a bag of meat
    10 | D        | Noticed a bag of meat
    11 | D        | Reached XP level 13. HP: 106/118 MP: 0/0
    11 | D        | Learned a level 5 spell: Borgnjor's Vile Clutch
    11 | D        | Reached XP level 14. HP: 113/125 MP: 0/0
    11 | D        | Killed a bag of meat
    11 | D        | Killed a bag of meat
    12 | D        | Reached XP level 15. HP: 133/133 MP: 0/0
    12 | D        | Learned a level 6 spell: Death Channel
    12 | D        | Reached *** piety under Makhleb
    12 | D        | Killed a meat berserker
    13 | D        | Killed a meat berserker
    14 | D        | Reached XP level 16. HP: 148/148 MP: 0/0
    14 | D        | Reached **** piety under Makhleb
    15 | D        | Reached skill level 27 in Dodging
    15 | D        | Noticed a meat berserker
    16 | D        | Reached skill level 27 in Fighting
    16 | D        | Reached skill level 10 in Armour
    16 | D        | Reached XP level 17. HP: 160/160 MP: 0/0
    16 | D        | Learned a level 7 spell: Spellforged Servitor
    16 | D        | Killed a meat berserker
    16 | D        | Reached ***** piety under Makhleb
    17 | D        | Reached skill level 27 in Axes
    17 | D        | Reached skill level 15 in Armour
    19 | D        | Reached skill level 15 in Spellcasting
    19 | D        | Reached skill level 15 in Conjurations
    19 | D        | Reached skill level 15 in Hexes
    19 | D        | Reached skill level 15 in Summonings
    19 | D        | Reached skill level 15 in Necromancy
    19 | D        | Reached skill level 15 in Translocations
    19 | D        | Reached skill level 15 in Fire Magic
    19 | D        | Reached skill level 15 in Ice Magic
    19 | D        | Reached skill level 15 in Air Magic
    19 | D        | Reached skill level 15 in Earth Magic
    19 | D        | Reached skill level 15 in Alchemy
    19 | D        | Reached XP level 18. HP: 167/167 MP: 0/0
    19 | D        | Noticed a large bag of meat
    19 | D        | Noticed a meat berserker
    20 | D        | Noticed a destroyer
    21 | D        | Reached ****** piety under Makhleb
    21 | D        | Killed a destroyer
    22 | D        | Reached skill level 15 in Throwing
    22 | D        | Reached XP level 19. HP: 171/174 MP: 0/0
    22 | D        | Learned a level 6 spell: Summon Cactus Giant
    22 | D        | Killed a meat berserker
    22 | D        | Killed a meat berserker
    23 | D        | Reached skill level 27 in Spellcasting
    23 | D        | Reached skill level 27 in Conjurations
    23 | D        | Reached skill level 27 in Hexes
    23 | D        | Reached skill level 27 in Summonings
    23 | D        | Reached skill level 27 in Necromancy
    23 | D        | Reached skill level 27 in Translocations
    23 | D        | Reached skill level 27 in Fire Magic
    23 | D        | Reached skill level 27 in Ice Magic
    23 | D        | Reached skill level 27 in Air Magic
    23 | D        | Reached skill level 27 in Earth Magic
    23 | D        | Reached skill level 27 in Alchemy
    23 | D        | Reached XP level 20. HP: 181/181 MP: 0/0
    24 | D        | Killed a meat berserker
    24 | D        | Noticed a destroyer
    24 | D        | Noticed a meat berserker
    25 | D        | Reached skill level 27 in Armour
    25 | D        | Reached XP level 21. HP: 187/187 MP: 0/0
    25 | D        | Learned a level 8 spell: Infestation
    25 | D        | Killed a meat berserker
    25 | D        | Killed a destroyer
    25 | D        | Noticed a meat berserker
    26 | D        | Reached skill level 27 in Throwing
    26 | D        | Noticed a meat berserker
    26 | D        | Noticed a destroyer
    26 | D        | Noticed a large bag of meat
    27 | D        | Killed a destroyer
    27 | D        | Killed a large bag of meat
    27 | D        | Noticed a meat berserker
    28 | D        | Reached skill level 10 in Shields
    28 | D        | Reached skill level 10 in Unarmed Combat
    28 | D        | Reached skill level 10 in Invocations
    28 | D        | Reached skill level 10 in Evocations
    28 | D        | Reached XP level 22. HP: 194/194 MP: 0/0
    28 | D        | Killed a meat berserker
    29 | D        | Reached skill level 10 in Maces & Flails
    29 | D        | Reached skill level 10 in Polearms
    29 | D        | Reached skill level 10 in Ranged Weapons
    29 | D        | Reached skill level 10 in Shapeshifting
    29 | D        | Noticed a meat berserker
    29 | D        | Killed a meat berserker
    29 | D        | Killed a meat berserker
    29 | D        | Noticed a destroyer
    29 | D        | Noticed a destroyer
    30 | D        | Reached XP level 23. HP: 201/201 MP: 0/0
    30 | D        | Learned a level 8 spell: Summon Horrible Things
    30 | D        | Killed a destroyer
    31 | D        | Reached XP level 24. HP: 208/208 MP: 0/0
    31 | D        | Killed a large bag of meat
    31 | D        | Noticed a large bag of meat
    32 | D        | Reached skill level 15 in Short Blades
    32 | D        | Reached skill level 15 in Long Blades
    32 | D        | Reached skill level 15 in Staves
    32 | D        | Reached skill level 15 in Stealth
    33 | D        | Noticed a destroyer
    33 | D        | Noticed a destroyer
    34 | D        | Noticed a destroyer
    34 | D        | Noticed a destroyer
    34 | D        | Noticed a destroyer
    35 | D        | Killed a destroyer
    36 | D        | Reached skill level 15 in Maces & Flails
    36 | D        | Reached skill level 15 in Polearms
    36 | D        | Reached skill level 15 in Ranged Weapons
    36 | D        | Reached skill level 15 in Shapeshifting
    37 | D        | Killed a destroyer
    37 | D        | Killed a destroyer
    38 | D        | Reached XP level 25. HP: 108/214 MP: 0/0
    38 | D        | Learned a level 9 spell: Death's Door
    38 | D        | Noticed a destroyer
    41 | D        | Killed a destroyer
    42 | D        | Killed a destroyer
    43 | D        | Reached XP level 26. HP: 213/221 MP: 0/0
    47 | D        | Noticed a tyrant
    48 | D        | Killed a tyrant
    50 | D        | Noticed a destroyer
    54 | D        | Noticed a tyrant
    54 | D        | Noticed a tyrant
    56 | D        | Noticed a tyrant
    57 | D        | Killed a large bag of meat
    58 | D        | Reached XP level 27. HP: 216/228 MP: 0/0
    58 | D        | Learned a level 9 spell: Fire Storm
    62 | D        | Noticed a tyrant
    66 | D        | Killed a tyrant
    66 | D        | Killed a tyrant
    68 | D        | Noticed a meat beast
    70 | D        | Reached skill level 27 in Shields
    70 | D        | Reached skill level 27 in Unarmed Combat
    70 | D        | Reached skill level 27 in Invocations
    70 | D        | Reached skill level 27 in Evocations
    70 | D        | Killed a destroyer
    70 | D        | Noticed a tyrant
    72 | D        | Killed a tyrant
    73 | D        | Killed a meat beast
    73 | D        | Killed a tyrant
    74 | D        | Reached skill level 27 in Short Blades
    74 | D        | Reached skill level 27 in Long Blades
    74 | D        | Reached skill level 27 in Maces & Flails
    74 | D        | Reached skill level 27 in Polearms
    74 | D        | Reached skill level 27 in Staves
    74 | D        | Reached skill level 27 in Ranged Weapons
    74 | D        | Reached skill level 27 in Stealth
    74 | D        | Reached skill level 27 in Shapeshifting
    74 | D        | Noticed a meat beast
    74 | D        | Noticed a tyrant
    75 | D        | Killed a tyrant
    75 | D        | Killed a meat beast
    76 | D        | Killed a tyrant
    80 | D        | Noticed a meat beast
    81 | D        | Killed a meat beast
    87 | D        | Noticed a destroyer
    88 | D        | Killed a destroyer
    88 | D        | Noticed a destroyer
    89 | D        | Killed a destroyer
    89 | D        | Noticed an accursed
    89 | D        | Noticed a tyrant
    90 | D        | Killed an accursed
    90 | D        | Killed a tyrant
    94 | D        | Noticed a tyrant
    95 | D        | Killed a tyrant
    96 | D        | Noticed a dread
    97 | D        | Killed a dread
    98 | D        | Noticed The Captor
    98 | D        | Noticed a tyrant
    99 | D        | Killed The Captor
    99 | D        | Killed a tyrant
    99 | D        | Killed a destroyer
    99 | D        | Noticed a large bag of meat
   100 | D        | Killed a large bag of meat
   104 | D        | Noticed The Defiler
   105 | D        | Killed The Defiler
   105 | D        | Noticed a meat beast
   106 | D        | Killed a meat beast
   107 | D        | Noticed a tyrant
   108 | D        | Killed a tyrant
   108 | D        | Noticed a destroyer
   108 | D        | Noticed a tyrant
   109 | D        | Killed a tyrant
   109 | D        | Killed a destroyer
   111 | D        | Noticed a dread
   111 | D        | Noticed a tyrant
   112 | D        | Killed a dread
   112 | D        | Killed a tyrant
   117 | D        | Noticed an accursed
   118 | D        | Killed an accursed
   118 | D        | Noticed a dread
   120 | D        | Killed a dread
   121 | D        | Noticed a dread
   121 | D        | Noticed a fleshlord
   121 | D        | Noticed an accursed
   122 | D        | Killed a dread
   122 | D        | Killed a fleshlord
   122 | D        | Killed an accursed
   123 | D        | Noticed a fleshlord
   124 | D        | Killed a fleshlord
   125 | D        | Noticed a destroyer
   126 | D        | Noticed a fleshlord
   126 | D        | Killed a destroyer
   126 | D        | Killed a fleshlord
   128 | D        | Noticed a large bag of meat
   128 | D        | Noticed a meat beast
   128 | D        | Noticed a fleshlord
   129 | D        | Noticed a fleshlord
   129 | D        | Noticed a fleshlord
   130 | D        | Noticed a fleshlord
   131 | D        | Noticed a destroyer
   132 | D        | Noticed a fleshlord
   133 | D        | Killed a destroyer
   133 | D        | Noticed a fleshlord
   134 | D        | Noticed a dread
   135 | D        | Killed a fleshlord
   135 | D        | Noticed a dread
   136 | D        | Killed a large bag of meat
   136 | D        | Noticed a fleshlord
   138 | D        | Killed a fleshlord
   139 | D        | Noticed The Servant
   142 | D        | Killed a dread
   142 | D        | Noticed a dread
   143 | D        | Killed a fleshlord
   143 | D        | Killed a fleshlord
   143 | D        | Killed a fleshlord
   144 | D        | Killed a fleshlord
   144 | D        | Noticed a destroyer
   146 | D        | Killed The Servant
   147 | D        | Noticed a meat beast
   148 | D        | Killed a fleshlord
   150 | D        | Killed a dread
   151 | D        | Noticed a dread
   151 | D        | Noticed a meat beast
   151 | D        | Noticed a meat beast
   152 | D        | Killed a meat beast
   152 | D        | Noticed a meat beast
   153 | D        | Killed a meat beast
   153 | D        | Noticed an accursed
   153 | D        | Noticed a destroyer
   154 | D        | Killed a dread
   154 | D        | Killed an accursed
   154 | D        | Noticed a fleshlord
   155 | D        | Killed a destroyer
   155 | D        | Killed a meat beast
   155 | D        | Killed a fleshlord
   156 | D        | Killed a dread
   156 | D        | Killed a destroyer
   156 | D        | Noticed a tyrant
   157 | D        | Killed a tyrant
   157 | D        | Killed a meat beast
   158 | D        | Noticed a meat beast
   159 | D        | Killed a meat beast
   159 | D        | Killed a meat beast
   159 | D        | Noticed a fleshlord
   159 | D        | Noticed a fleshlord
   160 | D        | Killed a fleshlord
   160 | D        | Killed a fleshlord
   161 | D        | Noticed a dread
   161 | D        | Killed a dread
   161 | D        | Noticed a fleshlord
   161 | D        | Noticed a fleshlord
   162 | D        | Killed a fleshlord
   162 | D        | Noticed a destroyer
   163 | D        | Killed a fleshlord
   163 | D        | Killed a destroyer
   163 | D        | Noticed a fleshlord
   163 | D        | Noticed an accursed
   164 | D        | Killed a fleshlord
   164 | D        | Killed an accursed
   168 | D        | Noticed a dread
   169 | D        | Killed a dread
   171 | D        | Noticed a fleshlord
   172 | D        | Killed a fleshlord
   172 | D        | Noticed a meat beast
   173 | D        | Killed a meat beast
   174 | D        | Noticed a fleshlord
   174 | D        | Noticed a tyrant
   174 | D        | Noticed a destroyer
   175 | D        | Killed a destroyer
   175 | D        | Killed a fleshlord
   175 | D        | Noticed a dread
   175 | D        | Noticed a fleshlord
   175 | D        | Noticed a destroyer
   176 | D        | Killed a destroyer
   176 | D        | Killed a dread
   176 | D        | Killed a fleshlord
   176 | D        | Noticed a fleshlord
   176 | D        | Noticed a fleshlord
   177 | D        | Killed a fleshlord
   177 | D        | Killed a fleshlord
   177 | D        | Noticed a dread
   178 | D        | Killed a tyrant
   178 | D        | Killed a dread
   180 | D        | Noticed The Meatlord
   181 | D        | Killed The Meatlord
   181 | D        | Noticed a fleshlord
   182 | D        | Killed a fleshlord
   184 | D        | Got the Orb of Zot
   184 | D        | Noticed a fleshlord
   185 | D        | Noticed a destroyer
   185 | D        | Killed a destroyer
   185 | D        | Killed a fleshlord
   186 | D        | Noticed a dread
   188 | D        | Killed a dread
   188 | D        | Noticed a destroyer
   189 | D        | Noticed a meat beast
   190 | D        | Noticed a tyrant
   190 | D        | Noticed an accursed
   191 | D        | Killed a destroyer
   192 | D        | Killed a meat beast
   193 | D        | Noticed a dread
   195 | D        | Noticed a dread
   195 | D        | Noticed a dread
   195 | D        | Noticed a fleshlord
   195 | D        | Noticed a meat beast
   195 | D        | Noticed a meat beast
   195 | D        | Noticed a tyrant
   195 | D        | Noticed a dread
   195 | D        | Noticed a fleshlord
   195 | D        | Noticed a dread
   196 | D        | Killed a tyrant
   196 | D        | Noticed a destroyer
   197 | D        | Noticed a dread
   197 | D        | Killed a meat beast
   197 | D        | Noticed a fleshlord
   197 | D        | HP: 11/228 [observer/divine providence (11)]
   198 | D        | Noticed a fleshlord
   198 | D        | Noticed a fleshlord
   198 | D        | HP: 1/228 [meat berserker/+9 battleaxe (34)]
   199 | D        | Killed a meat beast
   199 | D        | Killed a dread
   199 | D        | Noticed a meat beast
   199 | D        | Mangled by a meat berserker

Illustrated notes

Levels and vault maps discovered:
D:        meatsprint

Skill      XL: |  1  2  3  4  5  6  7  8  9 10 11 12 13 14 15 16 17 18 19 20 21 22 23 24 25 26 27 |
---------------+----------------------------------------------------------------------------------+-----
Fighting       | 15 20 21 24 27 | 27.0
Axes           | 15 20 21 23 26 27 | 27.0
Throwing       | 4 6 7 8 13 15 19 23 27 | 27.0
Armour         | 5 7 9 10 16 18 22 27 | 27.0
Dodging        | 17 21 23 26 27 | 27.0
Spellcasting   | 15 25 27 | 27.0
Conjurations   | 15 25 27 | 27.0
Hexes          | 15 25 27 | 27.0
Summonings     | 15 25 27 | 27.0
Necromancy     | 15 25 27 | 27.0
Translocations | 15 25 27 | 27.0
Fire Magic     | 15 25 27 | 27.0
Ice Magic      | 15 25 27 | 27.0
Air Magic      | 15 25 27 | 27.0
Earth Magic    | 15 25 27 | 27.0
Alchemy        | 15 25 27 | 27.0
Short Blades   | 9 13 14 18 19 21 27 | 27.0
Long Blades    | 9 13 14 18 19 21 27 | 27.0
Maces & Flails | 8 12 13 16 18 20 27 | 27.0
Polearms       | 8 12 13 16 18 20 27 | 27.0
Staves         | 9 13 14 18 19 21 27 | 27.0
Ranged Weapons | 8 12 13 16 18 20 27 | 27.0
Stealth        | 9 13 14 18 19 21 27 | 27.0
Shields        | 10 14 16 19 21 23 27 | 27.0
Unarmed Combat | 10 14 16 19 21 23 27 | 27.0
Invocations    | 10 14 16 19 21 23 27 | 27.0
Evocations     | 10 14 16 19 21 23 27 | 27.0
Shapeshifting  | 8 12 13 16 18 20 27 | 27.0

Action                     |  1- 3 |  4- 6 |  7- 9 | 10-12 | 13-15 | 16-18 | 19-21 | 22-24 | 25-27 || total
---------------------------+-------+-------+-------+-------+-------+-------+-------+-------+-------++-------
  Melee: Executioner's axe |     1 |       |       |     1 |     3 |     9 |    15 |    18 |   237 ||   284
   Cast: Manifold Assault  |       |       |       |       |       |     1 |     4 |     3 |    72 ||    80
         Vhi's Electric Ch |       |       |       |       |       |       |       |     2 |     9 ||    11
         Death's Door      |       |       |       |       |       |       |       |       |     1 ||     1
    Use: Potion            |       |       |       |       |       |       |       |       |     1 ||     1
 Armour: Leather armour    |       |       |       |     1 |       |       |       |     3 |    45 ||    49
  Dodge: Dodged            |       |       |       |       |       |       |       |       |    10 ||    10
